 Dungeon Crawl Stone Soup version 0.31-a0-1074-g0b22e4e0f1 (webtiles) character file.

Game seed: 7184834004670296019

1512 LeprechaunX the Changeling (level 8, -19/48 HPs)
             Began as an Octopode Shapeshifter on Nov 27, 2023.
             Was a Follower of Hepliaklqana.
             Killed from afar by a gargoyle (32 damage)
             ... with a stone arrow
             ... on level 6 of the Dungeon.
             The game lasted 00:06:49 (5464 turns).

LeprechaunX the Changeling (Octopode Shapeshifter)  Turns: 5464, Time: 00:06:50

Health: -19/48     AC:  1    Str: 13    XL:     8   Next: 83%
Magic:  8/8        EV: 13    Int: 12    God:    Hepliaklqana [*.....]
Gold:   385        SH:  0    Dex: 14    Spells: 7/7 levels left

rFire   . .          .
                       - Unarmed
rCold   + . .        (no shield)
rNeg    . . .        (helmet currently unavailable)
rPois   +            (no amulet)
rElec   .            e - ring of poison resistance
rCorr   .            f - ring of protection from cold
SInv    .            (no ring)
Will    .....        (no ring)
Stlth   ++           (no ring)
HPRegen 0.28/turn    (no ring)
MPRegen 0.11/turn    (no ring)
                     (no ring)

%: no passive effects
@: beast-form
A: beast (slay +3), reduced essence, almost no armour, amphibious, 8 rings,
camouflage 1, gelatinous body 1, (nimble swimmer 1), tentacles
a: Begin Untransformation, Renounce Religion, Recall Ancestor, Ancestor Identity


You were on level 6 of the Dungeon.
You worshipped Hepliaklqana.
Hepliaklqana was aware of your devotion.
You were a hulking beast.
You visited 2 branches of the dungeon, and saw 7 of its levels.

You collected 385 gold pieces.

Inventory:

Hand Weapons
 a - a +0 sling
Missiles
 n - 4 boomerangs (quivered)
Armour
 s - a +0 kite shield
 y - a +0 tower shield
Jewellery
 e - a ring of poison resistance (left tentacle)
 f - a ring of protection from cold (right tentacle)
 r - a ring of wizardry
Talismans
 b - a beast talisman
 c - a flux talisman
Wands
 q - a wand of flame (20)
 B - a wand of polymorph (14)
Scrolls
 d - 5 scrolls of teleportation {unknown}
 i - 3 scrolls of fog {unknown}
 j - 5 scrolls of identify {unknown}
 l - a scroll of enchant weapon {unknown}
 m - 7 scrolls of fear {unknown}
 p - 2 scrolls of revelation {unknown}
 t - a scroll of noise {unknown}
 u - a scroll of immolation {unknown}
 v - 2 scrolls of vulnerability {unknown}
 x - a scroll of blinking {unknown}
 A - a scroll of summoning {unknown}
 C - a scroll of acquirement {unknown}
Potions
 g - a potion of curing {unknown}
 h - 2 potions of haste {unknown}
 k - a potion of lignification
 o - 4 potions of heal wounds {unknown}
 w - a potion of attraction {unknown}
 z - 2 potions of berserk rage {unknown}


   Skills:
 + Level 4.7 Fighting
 - Level 3.0 Throwing
 - Level 2.0 Dodging
 + Level 5.5 Unarmed Combat
 + Level 3.9 Evocations
 * Level 6.8 Shapeshifting


You had 7 spell levels left.
You didn't know any spells.
Your spell library contained the following spells:

 Spells                   Type           Power      Damage    Failure   Level
 Tukima's Dance           Hex            0%         N/A       69%         3
 Passage of Golubria      Tloc           0%         N/A       97%         4
 Yara's Violent Unravell  Hex/Tmut       0%         3d3       100%        5


Dungeon Overview and Level Annotations

Branches:
Dungeon (6/15)             Temple (1/1) D:5

Altars:
Ashenzari
Cheibriados
Dithmenos
Fedhas
Gozag
Hepliaklqana
Kikubaaqudgha
Makhleb
Nemelex Xobeh
Okawaru
Qazlal
Ru
Sif Muna
Trog
Uskayaw
Vehumet
Wu Jian
Xom
Yredelemnul
Zin
The Shining One


Innate Abilities, Weirdness & Mutations

You are a hulking beast.
Your limbs bulge with bestial killing power. (Slay +3)
Your life essence is reduced to manifest your ancestor. (-10% HP)
You cannot wear most types of armour.
You are amphibious.
You can wear up to eight rings at the same time.
Your skin changes colour to match your surroundings (Stealth+).
Your rubbery body absorbs attacks. (AC +1, EV +1)
((You are camouflaged when in or above water. (Stealth+)))
You have tentacles for arms and can constrict up to eight enemies at once.


Message History

You bludgeon the hound! You squeeze the hound.
You kill the hound!
No target in view!
No target in view!
p - 2 scrolls labelled DOXOYFFYUC (gained 1)
m - 7 scrolls labelled AMYOPRI YMAI (gained 1)
Found a stone staircase leading down.
Found a dagger.
Hepliaklqana forms a fragment of your life essence into the memory of your ancestor, Preben!
You can now recall your ancestor.
You can now remember your ancestor's identity.
You swap places.
A gargoyle comes into view. It is wielding a +0 flail.
A gargoyle is nearby!
A gargoyle is nearby!
A gargoyle is nearby!
A gargoyle is nearby!
You swap places.
You swap places.
The gargoyle hurls a stone arrow at you.
The stone arrow misses you. The gargoyle barely misses you.
You barely miss the gargoyle. You grab the gargoyle.
You squeeze the gargoyle, but do no damage.
You constrict the gargoyle, but do no damage.
The gargoyle hits you with a +0 flail.
You tentacle-slap the gargoyle but do no damage.
You constrict the gargoyle, but do no damage.
The gargoyle hits you with a +0 flail!
You tentacle-slap the gargoyle but do no damage.
You constrict the gargoyle, but do no damage.
The gargoyle hurls a stone arrow at you.
The stone arrow hits you!
* * * LOW HITPOINT WARNING * * *
You swap places.
You release your grip on the gargoyle.
Preben hits the gargoyle but does no damage.
The gargoyle hurls a stone arrow at you.
The stone arrow misses Preben.
The stone arrow hits you!!
Ouch! That really hurt!
You die...

#.##.. #..... ###...
######### #.<.
#.......# #...
#.......# #### #
#.......# #...
#.######......)# #.##
#.9Rh.##.......###.##
#####.##.............
#.##.......###.##
####.############.##
#.......# #....
#.##.##.# #.###
#.##.##.#### #.#
#.##....##.#####.###
#.####..#...........


You could see the friendly Preben the ancestor and a gargoyle (ally target).

Vanquished Creatures
  A steam dragon (D:6)
  An ice beast (D:4)
  2 black bears
  4 ogres
  A phantom (D:4)
  A bullfrog (D:6)
  3 scorpions
  2 hounds (D:6)
  3 orc priests (D:3)
  2 sleepcaps
  3 orc wizards
  6 adders
  2 shadow imps (D:3)
  A white imp (D:6)
  A worm (D:2)
  6 dart slugs
  14 orcs
  2 ball pythons
  8 bats
  10 endoplasms
  4 giant cockroaches
  10 goblins
  7 hobgoblins
  6 jackals
  4 quokkas
  7 frilled lizards
  5 kobolds
  3 rats (D:1)
119 creatures vanquished.

Notes
Turn   | Place    | Note
-------+----------+-------------------------------------------
     0 | D:1      | LeprechaunX the Octopode Shapeshifter began the quest for
                  | the Orb.
     0 | D:1      | Reached XP level 1. HP: 13/13 MP: 1/1
    94 | D:1      | Reached XP level 2. HP: 18/18 MP: 2/2
   434 | D:1      | Reached XP level 3. HP: 23/23 MP: 3/3
  1450 | D:2      | Reached XP level 4. HP: 21/29 MP: 4/4
  1749 | D:3      | Found a transporter.
  1881 | D:3      | Found a shimmering altar of Xom.
  1956 | D:3      | Found a transporter.
  2035 | D:3      | Reached skill level 4 in Shapeshifting
  2784 | D:3      | Reached XP level 5. HP: 34/34 MP: 5/5
  2848 | D:3      | Reached skill level 1 in Throwing
  3251 | D:4      | Noticed a phantom
  3256 | D:4      | Killed a phantom
  3257 | D:4      | Reached XP level 6. HP: 34/41 MP: 6/6
  3278 | D:4      | Reached skill level 1 in Evocations
  3388 | D:4      | Noticed a black bear
  3392 | D:4      | Killed a black bear
  3393 | D:4      | Reached skill level 5 in Shapeshifting
  3393 | D:4      | Reached XP level 7. HP: 21/46 MP: 7/7
  3525 | D:4      | Found a sacrificial altar of Ru.
  3542 | D:4      | Became a worshipper of Ru the Awakened
  3774 | D:4      | Found a blossoming altar of Fedhas.
  3815 | D:4      | Found a sparkling altar of Nemelex Xobeh.
  3954 | D:5      | Entered Level 5 of the Dungeon
  4057 | D:5      | Found a hide-covered altar of Uskayaw.
  4163 | D:5      | Found a basalt altar of Yredelemnul.
  4283 | D:5      | Reached XP level 8. HP: 54/54 MP: 8/8
  4376 | D:5      | Found a staircase to the Ecumenical Temple.
  4391 | D:5      | Reached skill level 6 in Shapeshifting
  4396 | Temple   | Entered the Ecumenical Temple
  4405 | Temple   | Fell from the grace of Ru
  4405 | Temple   | Became a worshipper of Hepliaklqana the Forgotten
  4647 | D:6      | Reached skill level 5 in Unarmed Combat
  4735 | D:6      | Found an ornate altar of the Wu Jian Council.
  4810 | D:6      | Found an opulent altar of Gozag.
  4913 | D:6      | HP: 4/81 [something (6)]
  5444 | D:6      | Reached * piety under Hepliaklqana
  5456 | D:6      | Noticed a gargoyle
  5464 | D:6      | Killed from afar by a gargoyle

Illustrated notes

Levels and vault maps discovered:
D:1:      minmay_arrival_hallway, layout_basic, kennysheep_nondescript
D:2:      layout_basic, st_stairs_2
D:3:      gammafunk_wand_slinger, layout_basic,
          mainiacjoe_overflow_tiny_flanked, nicolae_twisty_statue_hallways
D:4:      layout_rooms, nicolae_ru_great_annihilating_truth,
          nemelex_spade_bored_becter, fedhas_altar_decomposition
D:5:      layout_cave_pools, mainiacjoe_overflow_chevrons,
          mainiacjoe_overflow_cross_hatched, minmay_temple_entry_grid,
          chequers_jeans
D:6:      layout_loops_cross, nicolae_wu_jian_immortal_techniques,
          mainiacjoe_overflow_surrounded_room
Temple:   compressed_dpeg_triangle_lava_temple

Skill      XL: |  1  2  3  4  5  6  7  8 |
---------------+-------------------------+-----
Fighting       | 2 3 4 |  4.7
Shapeshifting  | 4 5 6 |  6.8
Throwing       | 1 2 3 |  3.0
Unarmed Combat | 4 5 |  5.5
Evocations     | 1 2 3 |  3.9
Dodging        | |  2.0

Action                     |  1- 3 |  4- 6 |  7- 9 || total
---------------------------+-------+-------+-------++-------
  Melee: Unarmed           |    81 |    74 |    84 ||   239
         Tentacles         |    17 |    13 |    32 ||    62
         Constrict         |    17 |    21 |    20 ||    58
         Punch             |       |     2 |    12 ||    14
  Throw: Boomerang         |       |    39 |    11 ||    50
    Use: Potion            |       |       |     1 ||     1
   Stab: Sleeping          |    12 |     1 |     6 ||    19
         Distracted        |       |     1 |       ||     1
 Armour: Skin              |    26 |    38 |    44 ||   108
  Dodge: Dodged            |    35 |    51 |    35 ||   121

Table legend: (Time is in decaauts)
 A = Elapsed time spent in this place.
 B = Non-inter-level travel time spent in this place.
 C = Inter-level travel time spent in this place.
 D = Time resting spent in this place.
 E = Time spent auto-exploring this place.
 F = Levels seen in this place.
 G = Mean time per level.
                   A        B        C        D        E       F      G
               +--------+--------+--------+--------+--------+-----+--------+
         Total |   5457 |   4878 |    579 |    382 |   3623 |   7 |  779.6 |
       Dungeon |   5439 |   4876 |    563 |    382 |   3623 |   6 |  906.5 |
        Temple |     18 |      2 |     16 |      0 |      0 |   1 |   18.0 |
               +--------+--------+--------+--------+--------+-----+--------+

Top non-repeatable levels by time:
     D:3: 1524 daAuts
     D:1: 883 daAuts
     D:6: 866 daAuts
     D:2: 809 daAuts
     D:4: 737 daAuts
     D:5: 619 daAuts
  Temple: 18 daAuts
